 Dungeon Crawl Stone Soup version 0.18.1-5-g4a78601 (webtiles) character file.

3059 Peloso the Blocker (level 9, -5/79 HPs)
             Began as a Minotaur Fighter on May 14, 2016.
             Was a Follower of Okawaru.
             Killed by the air
             ... invoked by Gastronok
              (27 damage)
             ... on level 7 of the Dungeon.
             The game lasted 00:22:52 (6164 turns).

Peloso the Blocker (Minotaur Fighter)               Turns: 6164, Time: 00:22:53

Health: -5/79      AC: 10    Str: 26    XL:     9   Next: 57%
Magic:  0/8        EV:  9    Int:  5    God:    Okawaru [*.....]
Gold:   274        SH: 12    Dex: 12    Spells: 0 memorised, 8 levels left

rFire  . . .     SeeInvis .     a - +0 long sword
rCold  . . .     Gourm    .     y - +0 chain mail
rNeg   . . .     Faith    .     c - +0 shield
rPois  .         Spirit   +     (helmet restricted)
rElec  .         Dismiss  .     (no cloak)
rCorr  +         Reflect  .     (no gloves)
SustAt .         Harm     .     (no boots)
MR     .....                    u - amulet of guardian spirit
Stlth  ..........               L - +4 ring of strength
                                p - ring of resist corrosion

@: slowed, very slow, not resistant to hostile enchantments, extremely
unstealthy
A: retaliatory headbutt, horns 2
a: Heroism, Renounce Religion


You were on level 7 of the Dungeon.
You worshipped Okawaru.
Okawaru was aware of your devotion.
You were hungry.

You visited 2 branches of the dungeon, and saw 9 of its levels.
You also visited: Ossuary.

You collected 274 gold pieces.

Inventory:

Hand Weapons
 a - a +0 long sword (weapon)
 o - a +2 whip of flaming
Armour
 b - a +0 scale mail
 c - a +0 shield (worn)
 y - a +0 chain mail (worn)
Jewellery
 p - a ring of resist corrosion (left hand)
 u - an amulet of guardian spirit (around neck)
 C - an uncursed ring of stealth
 L - a +4 ring of strength (right hand)
Wands
 z - a wand of iceblast (0/15)
 A - a wand of enslavement (14/24)
 D - a wand of heal wounds (3/9)
 F - a wand of slowing (14/48)
Scrolls
 e - 7 scrolls of remove curse
 i - 4 scrolls of amnesia {unknown}
 m - 2 scrolls of recharging {unknown}
 n - a scroll of magic mapping {unknown}
 r - 2 scrolls of enchant armour {unknown}
 s - 3 scrolls of fog {unknown}
 v - a scroll of noise {unknown}
 w - 3 scrolls of immolation {unknown}
 x - 2 scrolls of fear {unknown}
 H - a scroll of torment {unknown}
 J - a scroll of enchant weapon {unknown}
 K - a scroll of identify
Potions
 d - a potion of cure mutation
 g - 2 potions of brilliance
 k - 3 potions of heal wounds
 l - 2 potions of haste
 q - 2 potions of curing
 t - 4 potions of flight
 B - 3 potions of degeneration
 E - a potion of agility {unknown}
 G - 2 potions of mutation {unknown}
 I - 4 potions of berserk rage {unknown}
Comestibles
 f - 4 bread rations
 h - 2 chunks of flesh
 j - 4 meat rations


   Skills:
 + Level 7.4 Fighting
 + Level 7.7 Long Blades
 + Level 7.7 Armour
 + Level 5.1 Dodging
 + Level 0.3 Stealth
 + Level 9.6 Shields
 + Level 0.3 Evocations


You had 8 spell levels left.
You didn't know any spells.

Dungeon Overview and Level Annotations

Branches:
Dungeon (8/15)             Temple (1/1) D:7
   Lair: D:8-11

Altars:
Ashenzari
Cheibriados
Elyvilon
Fedhas
Kikubaaqudgha
Makhleb
Okawaru
Pakellas
Qazlal
Ru
Sif Muna
Trog
Xom
Yredelemnul
The Shining One

Annotations:
D:7 Gastronok
D:8 oldnick's ghost, novice TrMo


Innate Abilities, Weirdness & Mutations

You reflexively headbutt those who attack you in melee.
You have a pair of horns on your head.


Message History

Gastronok is heavily wounded.
You block the quokka's attack. The quokka closely misses you.
Gastronok bites you!!
* * * LOW HITPOINT WARNING * * *
You hit Gastronok. You headbutt Gastronok.
Gastronok is severely wounded.
The quokka bites you.
* * * LOW HITPOINT WARNING * * *
The river rat bites you but does no damage.
Gastronok casts a spell at you.
You feel yourself slow down. You block the quokka's attack.
You block the quokka's attack.
Some of the chunks of flesh in your inventory have rotted away.
You block the quokka's attack. You block the quokka's attack.
You block the quokka's attack.
Gastronok waves his eye-stalks in wide circles.
The air twists around and strikes you!
You die...

#...## #....# ### #....#
####....# #.> ##...######
#.......###.#
#........####.##....##..#
#...#..#.................
#...#.........##......###
#[............##....###
####.....r......#.....#
######........r@..<....#.### ##
#..##.....#w####...8##..#8# ##.
#.......#.#...###..###..### ##..
##....###.###r#....#......###..#
##........r..................##
##.....#..>).)....#.....#...[[(
##...##....w.......###..##...###
#...(##.#.........#8#####8[#.###
#######...#......##.......##....


You could see Gastronok, a river rat and a quokka.

Vanquished Creatures
  Sigmund (D:6)
  A wyvern (D:8)
  Eustachio (D:6)
  Duvessa (D:4)
  2 ice beasts
  A sky beast (D:7)
  3 ogres
  A centaur (D:6)
  The ghost of oldnick the Magician, an amateur DEWz (D:3)
  A big kobold (D:7)
  5 giant frogs
  Dowan (D:4)
  4 water moccasin zombies (Ossuary)
  2 scorpions
  A howler monkey (D:4)
  3 crimson imps
  A giant frog zombie (D:6)
  2 hounds
  An orc priest (D:7)
  9 orc wizards
  2 giant frog skeletons
  2 iguanas
  2 worker ants
  3 big kobold zombies (Ossuary)
  2 mummies (Ossuary)
  A hound skeleton (D:6)
  A howler monkey skeleton (D:4)
  A worker ant zombie (D:6)
  7 adders
  10 gnolls
  3 adder zombies (Ossuary)
  3 worms
  A dart slug (D:1)
  4 giant geckos
  13 orcs
  6 giant cockroaches
  A gnoll zombie (Ossuary)
  5 goblins
  4 hobgoblins
  18 jackals
  7 quokkas
  A ball python (D:1)
  3 bats
  4 giant newts
  6 hobgoblin zombies (Ossuary)
  14 kobolds
  6 kobold zombies (Ossuary)
  2 orc zombies (Ossuary)
  8 rats
182 creatures vanquished.

Notes
Turn   | Place    | Note
--------------------------------------------------------------
     0 | D:1      | Peloso the Minotaur Fighter began the quest for the Orb.
     0 | D:1      | Reached XP level 1. HP: 19/19 MP: 0/0
   116 | D:1      | Reached skill level 4 in Shields
   116 | D:1      | Reached XP level 2. HP: 16/27 MP: 1/1
   338 | D:1      | Reached XP level 3. HP: 31/33 MP: 2/2
   845 | D:2      | Reached skill level 1 in Dodging
   929 | D:2      | Reached XP level 4. HP: 25/40 MP: 3/3
  1118 | D:2      | Found a faded altar to an unknown god.
  1209 | D:2      | Found a white marble altar of Elyvilon.
  1713 | D:3      | Found a snail-covered altar of Cheibriados.
  1888 | D:2      | Reached XP level 5. HP: 24/46 MP: 4/4
  2035 | D:3      | Reached skill level 5 in Shields
  2185 | D:3      | Found a shattered altar of Ashenzari.
  2240 | D:3      | Noticed oldnick's ghost (amateur DEWz)
  2267 | D:3      | Killed oldnick's ghost
  2543 | D:3      | Reached XP level 6. HP: 47/52 MP: 3/5
  2561 | D:4      | Found an oddly glowing altar of Pakellas.
  2577 | D:4      | Reached skill level 5 in Armour
  2816 | D:4      | Found an oddly glowing altar of Pakellas.
  2889 | D:4      | Reached skill level 6 in Shields
  2978 | D:4      | Noticed Duvessa
  2978 | D:4      | Noticed Dowan
  2991 | D:4      | Killed Duvessa
  2991 | D:4      | Reached XP level 7. HP: 48/60 MP: 4/6
  3008 | D:4      | Killed Dowan
  3495 | D:5      | Entered Level 5 of the Dungeon
  3570 | D:5      | Reached skill level 7 in Shields
  3641 | D:5      | Found a sacrificial altar of Ru.
  3724 | D:5      | Found a burning altar of Makhleb.
  3870 | D:5      | Reached skill level 5 in Fighting
  3870 | D:5      | Reached skill level 5 in Long Blades
  4264 | D:6      | Noticed Eustachio
  4271 | D:6      | Reached XP level 8. HP: 41/68 MP: 3/7
  4292 | D:6      | Killed Eustachio
  4533 | D:6      | Noticed Sigmund
  4545 | D:6      | Killed Sigmund
  4673 | D:6      | Reached skill level 8 in Shields
  4732 | D:6      | Found an ancient bone altar of Kikubaaqudgha.
  4736 | D:6      | Found a blossoming altar of Fedhas.
  5011 | D:7      | Found a sand-covered staircase.
  5020 | Ossuary  | Entered an ossuary
  5143 | Ossuary  | Reached XP level 9. HP: 75/75 MP: 8/8
  5321 | Ossuary  | Reached skill level 9 in Shields
  5448 | D:7      | Found a staircase to the Ecumenical Temple.
  5519 | Temple   | Entered the Ecumenical Temple
  5529 | Temple   | Became a worshipper of Warmaster Okawaru
  5771 | D:7      | Reached skill level 5 in Dodging
  5802 | D:8      | Found an iron altar of Okawaru.
  5994 | D:8      | Noticed oldnick's ghost (novice TrMo)
  6006 | D:8      | Noticed Gastronok
  6105 | D:8      | Reached * piety under Okawaru
  6164 | D:7      | Killed from afar by Gastronok

Skill      XL: |  1  2  3  4  5  6  7  8  9 |
---------------+----------------------------+-----
Shields        | 4 5 6 7 8 9 |  9.6
Armour         | 4 5 6 7 |  7.7
Long Blades    | 3 4 5 6 7 |  7.7
Dodging        | 1 2 3 4 5 |  5.1
Fighting       | 4 5 6 7 |  7.4
Stealth        | |  0.3
Evocations     | |  0.3

Action                   |  1- 3 |  4- 6 |  7- 9 || total
-------------------------+-------+-------+-------++-------
Melee: Long sword        |   120 |   171 |   395 ||   686
       Headbutt          |    10 |    30 |    85 ||   125
Evoke: Wand              |       |       |     3 ||     3
  Use: Scroll            |       |       |    10 ||    10
       Potion            |       |       |     1 ||     1
  Eat: Chunk             |       |     7 |     9 ||    16
       Beef jerky        |       |       |     1 ||     1
Armor: Scale mail        |    47 |    70 |    10 ||   127
       Chain mail        |       |       |   121 ||   121
Dodge: Dodged            |    42 |    75 |   109 ||   226
Block: Shield            |    83 |   120 |   215 ||   418
